Cogmind - Beta 16.1 @@@ ROGUE MODE // 2026.02.17 @ 23:51:19 Player: Exceptionally Mediocre Result: Destroyed by DAS Turret with DAS Cannon Performance ------------- Evolutions (0) 0 Regions Visited (3) 600 Robots Destroyed (19) 95 Value Destroyed (277) 277 Prototype IDs (23) 460 Alien Tech Used (0) 0 Bonus (300) 300 TOTAL SCORE: 1732 Bonus ------- Aligned with FarCom 300 Cogmind --------- Core Integrity 0/250 Matter 221/300 Energy 100/100 System Corruption 3% Temperature Cool (0) Movement Rolling (200) Ox8 Location -10/Exiles Parts ------- > --- POWER (1) -------- (None) > --- PROPULSION (2) --- Wheel > --- UTILITY (2) ------ Huge Storage Unit > --- WEAPON (2) ------- Heavy Battle Rifle > --- INVENTORY (25) --- Ion Engine Ion Engine Light Ion Engine Light Ion Engine Light Treads Light Treads Light Treads Light Treads Wheel Wheel Wheel Scrap Suit Large Storage Unit Experimental Sensor Array Hacking Suite Beam Cannon Beam Cannon Assault Rifle Assault Rifle Grenade Launcher Grenade Launcher Field Lobotomy Kit (5) Mining Laser Peak State ------------ > --- POWER ------------ Ion Engine > --- PROPULSION ------- Wheel Wheel > --- UTILITY ---------- Huge Storage Unit Improved Terrain Scanner > --- WEAPON ----------- Heavy Battle Rifle Rocket Launcher > --- INVENTORY -------- Ion Engine Ion Engine Light Ion Engine Light Ion Engine Light Treads Light Treads Light Treads Light Treads Wheel Wheel Wheel Wheel Scrap Suit Large Storage Unit Experimental Sensor Array Hacking Suite Beam Cannon Beam Cannon Assault Rifle Assault Rifle Grenade Launcher Grenade Launcher Field Lobotomy Kit Mining Laser [Rating: 18] Favorites ----------- Power Ion Engine Engine Ion Engine Propulsion Wheel Treads Light Treads Wheel Wheel Utility Improved Terrain Scanner Device Improved Terrain Scanner Storage Huge Storage Unit Weapon Assault Rifle Energy Gun Particle Gun Ballistic Gun Assault Rifle Launcher Rocket Launcher Build | -11 -10 -10 -10 ------- Run | Yrd Mat Min Exi Slots Evolved . | . . . . Power . | . . . . Propulsion . | . . . . Utility . | . . . . Weapon . | . . . . Parts Attached 30 | 7 13 9 1 Power 6 | 2 2 2 . Engine 6 | 2 2 2 . Core . | . . . . Reactor . | . . . . Propulsion 10 | 2 4 3 1 Treads 4 | 2 2 . . Leg . | . . . . Wheel 6 | . 2 3 1 Hover . | . . . . Flight . | . . . . Utility 5 | 1 4 . . Device 1 | . 1 . . Storage 4 | 1 3 . . Processor . | . . . . Hackware . | . . . . Protection . | . . . . Artifact . | . . . . Weapon 9 | 2 3 4 . Energy Gun 1 | . 1 . . Energy Cannon . | . . . . Ballistic Gun 6 | 2 2 2 . Ballistic Cannon . | . . . . Launcher 2 | . . 2 . Special Weapon . | . . . . Impact Weapon . | . . . . Slashing Weapon . | . . . . Piercing Weapon . | . . . . Special Melee Weapon . | . . . . Unidentified Prototypes . | . . . . Parts Lost 6 | . . 1 5 Power 1 | . . . 1 Propulsion 3 | . . 1 2 Utility 1 | . . . 1 Weapon 1 | . . . 1 Highest Loss Streak 5 | . . 1 5 To Critical Strikes 1 | . . . 1 Average Backups 17 | 3 13 24 23 Power 3 | 1 2 4 4 Propulsion 7 | 1 7 9 8 Utility 2 | . 1 3 4 Weapon 4 | . 3 6 7 Tool/Special . | . . . . Unused Backups 29 | 1 9 5 14 Power 4 | . 2 1 1 Propulsion 14 | . 5 3 6 Utility 4 | 1 . . 3 Weapon 6 | . 2 1 3 Tool/Special 1 | . . . 1 Average Slot Usage (%) 99 | . 98 99 98 Engine 13 | . 13 14 13 Treads 10 | . 20 . . Wheel 17 | . 7 28 28 Device 13 | . 13 14 13 Storage 14 | . 14 14 14 Ballistic Gun 21 | . 26 18 14 Launcher 5 | . . 9 13 Peak Build Rating 18 | 7 12 17 18 Average Rating 11 | 5 10 13 16 On Entrance 8 | . 7 11 17 Avg Prop Armor Cover (%) . | . . . . Naked Turns . | . . . . Heaviest Build 94 | 13 90 94 94 Greatest Support 40 | 40 40 20 20 Greatest Overweight (x) 8 | . 4 4 8 Average Overweight (x) 2 | . 1 4 4 Largest Inventory Capacity 25 | 8 25 25 25 Average Capacity 19 | 7 16 25 25 Most Carried 25 | 8 25 25 25 Average Carried 18 | 3 14 24 24 Final Capacity 25 | 8 25 25 25 Final Carried 25 | 8 25 25 24 Class Distribution -------------------- 75% | Mutant 24% | Scavenger-Mutant Dominant Class ---------------- Mutant | -10/Materials Mutant | -10/Mines Mutant | -10/Exiles Resources | -11 -10 -10 -10 ----------- Run | Yrd Mat Min Exi Matter Collected 878 | 253 430 195 . Remotely . | . . . . Salvage Created 475 | 75 241 143 16 Parts 36 | 6 16 14 . Haulers Intercepted . | . . . . Recyclers Shooed . | . . . . Parts Field Recycled . | . . . . Retrieved Matter . | . . . . Parts Self-Destructed . | . . . . Prevented . | . . . . Parts Restored . | . . . . Kills | -11 -10 -10 -10 ------- Run | Yrd Mat Min Exi Combat Hostiles Destroyed 17 | . 5 6 6 Guns 7 | . 5 1 1 AOE 10 | . . 5 5 Classes Destroyed 9 | 2 6 . 1 Worker 1 | . 1 . . Builder 2 | . 2 . . Tunneler 2 | 1 . 1 . Recycler 2 | 1 . 1 . Watcher 1 | . 1 . . Swarmer 8 | . 2 6 . Grunt 1 | . 1 . . Subdweller 2 | . 2 . . Assembled 6 | . . . 6 Best Kill Streak 6 | 1 3 3 6 Combat Bots Only 6 | . 1 3 6 Max Kills in Single Turn 2 | 1 1 2 2 Gunslinging . | . . . . Exploded 2 | . . 2 2 Melee . | . . . . Uniques/NPCs Destroyed . | . . . . Combat | -11 -10 -10 -10 -------- Run | Yrd Mat Min Exi Hostile Shots Fired 87 | . 30 34 23 Missed 25 | . 9 8 8 Hits 62 | . 21 26 15 Melee 3 | . . . 3 Projectile 59 | . 21 26 12 Critical Strikes 2 | . . . 2 Damage Taken 985 | . 233 294 458 Core 251 | . 28 83 140 Absorbed by Shields . | . . . . Core Remaining (%) 100 | 100 . . . Volleys Fired 58 | 12 26 12 8 Largest 2 | 2 2 2 1 Hottest 50 | 40 40 50 33 Shots Fired 103 | 24 53 17 9 Gun 93 | 24 53 11 5 Cannon . | . . . . Launcher 10 | . . 6 4 Special . | . . . . Kinetic 93 | 24 53 11 5 Thermal . | . . . . Explosive 10 | . . 6 4 Electromagnetic . | . . . . Robot Hit Streak 9 | 9 7 3 2 Robot Miss Streak 5 | 2 5 2 2 Penetration Max . | . . . . Secondary Targets . | . . . . Shots Hit Robots 57 | 17 30 6 4 Core Hits 37 | 4 14 8 11 Critical Kills . | . . . . Critical Parts Destroyed 1 | 1 . . . Critical Strikes 1 | 1 . . . Destroy 1 | 1 . . . Melee Attacks . | . . . . Impact . | . . . . Slashing . | . . . . Piercing . | . . . . Sneak Attacks . | . . . . Combat Hostiles . | . . . . Follow-up Attacks . | . . . . Damage Inflicted 1303 | 160 339 375 429 Guns 610 | 160 339 69 42 Cannons . | . . . . Explosions 693 | . . 306 387 Melee . | . . . . Ramming . | . . . . Kinetic 610 | 160 339 69 42 Thermal . | . . . . Explosive 693 | . . 306 387 Electromagnetic . | . . . . Impact . | . . . . Slashing . | . . . . Piercing . | . . . . Highest Corruption 3 | . 3 3 3 Average Corruption 2 | . 1 3 3 Corruption Purged . | . . . . Corruption Blocked . | . . . . Effects 22 | . 8 10 4 Message Errors 4 | . 2 1 1 Matter Fused 5 | . 1 3 1 Heat Flow Errors 1 | . 1 . . Energy Discharges 6 | . 2 4 . Misfires 2 | . 1 . 1 Alerts 3 | . 1 1 1 Weapon Failures 1 | . . 1 . Overload Shots . | . . . . Overflow Damage 28 | . . 8 20 Projectiles . | . . . . Explosions 28 | . . 8 20 Melee . | . . . . Knockbacks . | . . . . Impact . | . . . . Kinetic . | . . . . Secondary . | . . . . Self-Inflicted Damage 85 | . . 85 . Shots 3 | . . 3 . Rammed . | . . . . Targets Rammed . | . . . . Kicked . | . . . . Crushed . | . . . . Highest Temperature 81 | . 81 . . Average Temperature 36 | . 36 . . Received Heat Transfer 24 | . 24 . . Siege Activations . | . . . . Martial Activations . | . . . . Shielding Activations . | . . . . Robots Disrupted . | . . . . Combat Hostiles . | . . . . Robots Corrupted . | . . . . Combat Hostiles . | . . . . Parts Fried . | . . . . Impact Corruptions . | . . . . Robots Melted . | . . . . Combat Hostiles . | . . . . Parts Melted 1 | . 1 . . Heat Transferred . | . . . . Parts Sabotaged . | . . . . Parts Stolen . | . . . . Parts Stripped . | . . . . Power Chain Reactions . | . . . . Alert | -11 -10 -10 -10 ------- Run | Yrd Mat Min Exi Maximum Alert Level . | . . . . Low Security (%) 100 | 100 100 100 . Level 1 . | . . . . Level 2 . | . . . . Level 3 . | . . . . Level 4 . | . . . . Level 5 . | . . . . High Security . | . . . . Max Security . | . . . . Peak Influence 128 | 5 34 128 . Initial . | . . . . Average 14 | . 3 34 . Influence Increases 362 | 10 127 225 . Destroy 0b10 Robot/C 180 | . 60 120 . Destroy 0b10 Robot/NC 40 | 10 20 10 . Destroy Leader 42 | . 22 20 . Successful Hack 25 | . 25 . . Disable Machine 45 | . . 45 . Destroy Structure 30 | . . 30 . Influence Decreases 362 | 10 127 225 . Time Decay 352 | 10 127 215 . Lost Part 10 | . . 10 . Squads Dispatched 2 | . 2 . . Investigation 1 | . 1 . . Extermination . | . . . . Reinforcement 1 | . 1 . . Assault . | . . . . Garrison . | . . . . Intercept . | . . . . Searches Triggered . | . . . . Construction Impeded . | . . . . Haulers Reinforced . | . . . . Active Scanning Responses . | . . . . Cargo Convoy Interrupts . | . . . . Stealth | -11 -10 -10 -10 --------- Run | Yrd Mat Min Exi Distress Signals 1 | . 1 . . Communications Jammed . | . . . . Distress Signals . | . . . . Times Spotted 27 | . 13 6 8 Peak Tracking Total 9 | . 4 3 9 Tactical Retreats . | . . . . Traps | -11 -10 -10 -10 ------- Run | Yrd Mat Min Exi Traps Triggered 6 | . 6 . . Indirectly . | . . . . Trap Hack Attempts . | . . . . Triggered . | . . . . Disarmed . | . . . . Reprogrammed . | . . . . Reused . | . . . . Traps Extracted . | . . . . Installed . | . . . . Triggered . | . . . . Machines | -11 -10 -10 -10 ---------- Run | Yrd Mat Min Exi Machines Disabled 5 | . . 3 2 Max in Single Turn 3 | . . 3 1 Machines Repaired . | . . . . Machines Dismantled . | . . . . Machines Sabotaged . | . . . . Overloaded Fab Kills . | . . . . Hacking | -11 -10 -10 -10 --------- Run | Yrd Mat Min Exi Machines Accessed 6 | . 5 . 1 Terminals 5 | . 5 . . Fabricators . | . . . . Repair Stations . | . . . . Recycling Units . | . . . . Scanalyzers . | . . . . Garrison Access . | . . . . Total Hacks 17 | . 16 . 1 Successful 7 | . 6 . 1 Failed 10 | . 10 . . Catastrophic 1 | . 1 . . Database Lockouts . | . . . . Manual 19 | . 15 . 4 Terminals 16 | . 16 . . Fabricators . | . . . . Repair Stations . | . . . . Recycling Units . | . . . . Scanalyzers . | . . . . Garrison Access . | . . . . Terminal Hacks 2 | . 1 . 1 Record 1 | . 1 . . Proto ID Catalog 1 | . . . 1 Fabricator Hacks . | . . . . Repair Station Hacks . | . . . . Recycling Unit Hacks . | . . . . Scanalyzer . | . . . . Garrison Access Hacks . | . . . . Unauthorized Hacks 5 | . 5 . . Terminals 5 | . 5 . . Botnet 5 | . 5 . . Fabricators . | . . . . Repair Stations . | . . . . Recycling Units . | . . . . Scanalyzers . | . . . . Garrison Access . | . . . . Data Cores Recovered . | . . . . Used . | . . . . Hacking Detections 3 | . 3 . . Full Trace Events 1 | . 1 . . Feedback Events . | . . . . Feedback Blocked . | . . . . Robot Schematics Acquired . | . . . . Robots Built . | . . . . Authchips . | . . . . Time . | . . . . Total Robot Build Rating . | . . . . Part Schematics Acquired . | . . . . Parts Built . | . . . . Authchips . | . . . . Time . | . . . . Total Part Build Rating . | . . . . Part Studies Acquired . | . . . . Parts Repaired . | . . . . Time . | . . . . Parts Recycled . | . . . . Recycled Matter . | . . . . Retrieved Matter . | . . . . Retrieved Components . | . . . . Parts Scanalyzed . | . . . . Part Schematics Acquired . | . . . . Parts Damaged . | . . . . Bothacking | -11 -10 -10 -10 ------------ Run | Yrd Mat Min Exi Used RIF Installer . | . . . . Robots Hacked . | . . . . Non-combat . | . . . . Combat . | . . . . Robot Hacks Applied . | . . . . Relay Couplers Released . | . . . . Fabnet Peak Effective % . | . . . . Robots Rewired . | . . . . Allies Hacked . | . . . . Hacks Repelled . | . . . . Allies | -11 -10 -10 -10 -------- Run | Yrd Mat Min Exi Total Allies . | . . . . Largest Group . | . . . . Highest-Rated Group . | . . . . Highest-Rated Ally . | . . . . Total Orders . | . . . . Ally Attacks . | . . . . Total Damage . | . . . . Kills . | . . . . Allies Corrupted . | . . . . Allies Melted . | . . . . Intel | -11 -10 -10 -10 ------- Run | Yrd Mat Min Exi Active Infowar (turns) 2101 | . 1044 689 368 Terrain 2101 | . 1044 689 368 Robot Analysis Total . | . . . . Derelict Logs Recovered 1 | . . 1 . Drone Launches . | . . . . Drone Recoveries . | . . . . Exploration | -11 -10 -10 -10 ------------- Run | Yrd Mat Min Exi Turns Passed 2325 | 162 1090 689 384 Spaces Moved 1351 | 72 565 454 260 Core 4 | 4 . . . Treads 446 | 68 378 . . Legs . | . . . . Wheels 901 | . 187 454 260 Hover . | . . . . Flight . | . . . . Fastest Speed 50 | 50 140 140 140 Average Speed 152 | 153 166 140 140 Slowest Speed 320 | 160 320 140 200 Overloaded Moves . | . . . . Propulsion Burnouts . | . . . . Robots Hopped . | . . . . Potential Cave-ins . | . . . . Cave-ins Triggered . | . . . . Exploration Rate (%) 53 | 5 79 75 55 Regions Visited 3 Branch Regions 2 Pre-discovered Areas . | . . . . Known Exits Taken . | . . . . Unknown Exits Taken 3 | 1 1 1 . Scrap Searched 1 | . . 1 . Spaces Dug . | . . . . Terrain Destroyed 69 | . . 52 17 Melee . | . . . . Projectile 3 | . . 1 2 AOE 66 | . . 51 15 Terrain Rammed . | . . . . Walls Destroyed . | . . . . Machines Disabled . | . . . . Actions | -11 -10 -10 -10 --------- Run | Yrd Mat Min Exi Total 1536 | 99 669 497 271 Wait . | . . . . Move 1348 | 71 564 453 260 Hop . | . . . . Pick Up 50 | 8 31 10 1 Fast Attach 16 | 6 10 . . Attach 11 | . 6 4 1 Detach 5 | . 4 1 . Swap 13 | 1 7 5 . Drop 35 | 1 21 12 1 Fire 58 | 12 26 12 8 Melee . | . . . . Ram . | . . . . Kick . | . . . . Crush . | . . . . Escape Stasis . | . . . . Rewire . | . . . . Trap . | . . . . Miscellaneous . | . . . . Route ------- -11/Scrapyard -10/Materials (discovered 4 exits: [*Mat x2] / [*Min] / [*Sub]) -10/Mines (discovered 3 exits: [*Mat x2] / *Exi) -10/Exiles History --------- Turn | Location | Event 15 | -11/Scrapyard | Discovered new exit (range 14) 163 | -11/Scrapyard | Entered Materials 202 | -10/Materials | Discovered new exit (range 9) 306 | -10/Materials | Build established: Mutant 491 | -10/Materials | Discovered new exit (range 9) 663 | -10/Materials | Derelicts attacked the area 1061 | -10/Materials | Discovered new exit (range 16) 1191 | -10/Materials | Discovered new exit (range 13) 1253 | -10/Materials | Entered Mines 1284 | -10/Mines | Build established: Scavenger-Mutant 1356 | -10/Mines | Received a Rocket Launcher from a helpful Derelict 1386 | -10/Mines | Learned Materials terminal intel 1445 | -10/Mines | Found a damaged Exp. Sensor Array with a note attached 1448 | -10/Mines | Found Prototype Device 1478 | -10/Mines | Found a Scrap Suit stashed away for nefarious purposes 1482 | -10/Mines | Found Scrap Suit 1499 | -10/Mines | Discovered new exit (range 8) 1625 | -10/Mines | Discovered new exit (range 8) 1768 | -10/Mines | Build established: Mutant 1908 | -10/Mines | A weapon hastily lodged in a ceiling crevice suddenly fell to the ground 1933 | -10/Mines | Deemed a non-threat by the Exiles lab entrance 1933 | -10/Mines | Discovered new exit (range 5) 1942 | -10/Mines | Entered Exiles 1976 | -10/Exiles | Met 8R-AWN 2001 | -10/Exiles | Met EX-HEX 2130 | -10/Exiles | Met EX-BIN 2147 | -10/Exiles | Aligned with FarCom system 2148 | -10/Exiles | Given EX-Vault access code 2210 | -10/Exiles | Opened EX-Vault 2243 | -10/Exiles | Found Field Lobotomy Kit 2267 | -10/Exiles | Attacked by the Exiles 2292 | -10/Exiles | Core integrity fell below 50% 2326 | -10/Exiles | Destroyed by DAS Turret with DAS Cannon Last Messages --------------- 02303_ Penetrated by HV Slug. 02303_ HV Slug penetrates Wall. 02307_ HV Slug penetrates Machine. 02307_ HV Slug penetrates Wall. 02309_ The unstable cave ceiling collapses. 02310_ Penetrated by HV Slug. 02310_ Imp. Terrain Scanner destroyed. 02310_ HV Slug penetrates Machine. 02312_ Penetrated by HV Slug. 02312_ HV Slug penetrates Machine. 02312_ Penetrated by HV Slug. 02312_ Rocket Launcher destroyed. 02312_ HV Slug penetrates Wall. 02317_ Penetrated by HV Slug. 02317_ Critical hit (Destroy). 02317_ Ion Engine destroyed. 02317_ HV Slug penetrates Machine. 02317_ HV Slug penetrates Wall. 02320_ The unstable cave ceiling collapses. 02320_ Wheel destroyed. Map ----- +----------------------------------------------------+ | ????????????????????????#" ## #???#??????? | | ????????????????????????#""""""## ###########? | | ????????????????????????##"###### #?#"""""""#? | | ???????????????????????? "??#??# #?#"""""""#? | | ???????????????????????""" ?????# #?#"""""""#? | | ???????????????????????""" ??#### ###"" """"#? | | ????????????????????#????" ??### """"#? | | ?????????????????????????###???#" """#? | | ??????????????????????????????##" """#? | | ???????????????????????#????#??"" """#? | | ???????????????????????#?##????# """#? | | ???????????????????????????????# """#? | | ????????????????????????????#?##" """"? | | ??????????????????????????????# # """#? | | ??????????????????????????????## "X" """"? | | ???????????????????????????????# """ #? | | ???????????????????????????????## """""""""#? | | ???????????????????????????#???## # #########? | | ??????????????????# ???????#??## # ##???#???? | | ????????????????#?# ##??###### #?#?#???? | | ????????????#####X# #"###"""" #??##???? | | ??????????? """""" "a"" #?####### | | ??????????? "" """ g " ####""""" | | ?????????? " " % " """ | | ?????????? %% "" | | ?????????? @ " | | ?????????? % | | ?????????? | | ???????????" | | ???????????""" """""" | | ???????????? ######""" | | ???????????? ""##????#####""" | | ????????????" """##?????????##""" | | ????????????? """##?????#?????#"""" | | ????????????? ""????#???????##"" | | ?????????????? ##?#####??####"""" | | ?????????????? ## ####""" | | ?????????????? """" | | ????????????? | | ?????????????" | | ????????????? " | | ????????????? " "" "" | | ??????????????" ""## ##""" " " ""# | | ?????????????? ""#### ######""" """# | | ?????????????? """"##??# #????###""""## | | ??????????????? """#??## ####?#?######? | | ??????????????? ""##??#! "!#??????#??? | | ??????????????? """#????#" !#????#????? | | ???????????????? ?#????#" "#??????#??? | | ????????????????"" ????????#!!""!"#?????????# | +----------------------------------------------------+ Best States ------------- Heat Dissipation 25 Energy Generation 10 Energy Capacity 250 Matter Stores 300 Matter Capacity 300 Sight Range 16 Terrain Scan Range 16 Terrain Scan Density 10 Evasion (%) 40 Recoil Reduction 2 Item Schematics ----------------- None Robot Schematics ------------------ None Fabricated ------------ Nothing Repaired ---------- Nothing Studied --------- None Alien Tech Used ----------------- None Achievements -------------- Sixth Sense Challenges ------------ None Game ------ Seed MasterTacticalChaingun Manual? 0 Play Time 00:24:57 Cumulative 172.3 hours Start 2026.02.17 @ 23:20:08 End 2026.02.17 @ 23:51:19 Sessions 1 Manual Loads 0 Difficulty Rogue Special Mode None Game No. 198 Rogue 198 Adventurer 0 Explorer 0 Win Type - Total 0 Types 0/0/0/0/0/0/0/0/0/0 Lore% 25 Gallery% 50 Achievement% 25 Wizard Run 0 Options --------- Layout 1 ASCII 0 Keyboard 1 Movement Vi Keybinds 0 Fullscreen 1 Font 24/Smallcaps Map View 50x35 Zoom Use 0% Tactical HUD 1 Map Filters NONE Filters NONE Steam 1 RUN: 409f489e-307e-4caf-b520-b61b99b90e1b